 Dungeon Crawl Stone Soup version 0.29.0-5-ge4962eb29e (webtiles) character file.

Game seed: 9217163942914854920

161 RascalDebosk the Grave Robber (level 5, 0/35 HPs)
             Began as a Human Necromancer on Aug 28, 2022.
             Slain by an adder (1 damage)
             ... on level 3 of the Dungeon.
             The game lasted 00:28:33 (3061 turns).

RascalDebosk the Grave Robber (Human Necromancer)   Turns: 3061, Time: 00:28:33

Health: 0/35       AC:  5    Str:  5 (8)  XL:     5   Next: 70%
Magic:  0/9        EV: 11    Int: 16 (18) God:
Gold:   112        SH:  0    Dex: 11 (13) Spells: 1/9 levels left

rFire   . . .      SeeInvis .   (no weapon)
rCold   . . .      Faith    .   (no shield)
rNeg    . . .      Spirit   .   j - +0 leather armour
rPois   .          Reflect  .   (no helmet)
rElec   .          Harm     .   o - +0 cloak
rCorr   .          Rampage  .   (no gloves)
Will    .....                   p - +0 pair of boots
Stlth   ++........              (no amulet)
HPRegen 0.11/turn               e - ring of wizardry
MPRegen 0.11/turn               (no ring)

@: lethally poisoned (0 -> -2)
A: no striking features
a: no special abilities


You were on level 3 of the Dungeon.
You visited 1 branch of the dungeon, and saw 3 of its levels.

You collected 112 gold pieces.

Inventory:

Armour
 a - a +0 robe
 j - a +0 leather armour (worn)
 o - a +0 cloak (worn)
 p - a +0 pair of boots (worn)
Jewellery
 e - a ring of wizardry (left hand)
Wands
 r - a wand of iceblast (7)
Scrolls
 c - 3 scrolls of identify {unknown}
 d - a scroll of enchant weapon {unknown}
 f - 2 scrolls of teleportation {unknown}
 i - a scroll of blinking {unknown}
 k - a scroll of fear {unknown}
 m - a scroll of fog {unknown}
 q - a scroll of amnesia {unknown}
 t - a scroll of brand weapon {unknown}
Potions
 b - a potion of magic
 g - 2 potions of flight {unknown}
 h - 2 potions of degeneration
 l - a potion of curing {unknown}
 n - a potion of haste {unknown}
 s - a potion of ambrosia {unknown}


   Skills:
 + Level 2.0 Armour
 + Level 3.0 Dodging
 + Level 3.1 Stealth
 + Level 2.8 Spellcasting
 + Level 4.5 Necromancy


You had one spell level left.
You knew the following spells:

 Your Spells              Type           Power      Damage    Failure   Level
a - Necrotise             Necr           64%        1d7       1%          1
b - Vampiric Draining     Necr           16%        2d7       6%          3
c - Animate Dead          Necr           16%        N/A       19%         4

Your spell library contained the following spells:

 Spells                   Type           Power      Damage    Failure   Level
 Agony                    Necr           16%        N/A       45%         5


Dungeon Overview and Level Annotations

Branches:
Dungeon (3/15)

Altars:

Shops:
D:2 :


Message History

The worm dies!
You feel sick. The adder misses you. The adder barely misses you.
You feel sick.
You feel sick. The dart slug launches a dart at you. The slug dart misses you.
You feel sick.
You are no longer poisoned.
The dart slug launches a dart at you.
The slug dart hits your hobgoblin zombie.
There is a stone staircase leading up here.
The adder bites you but does no damage.
Your adder zombie closely misses the adder.
The adder barely misses you.
Your hobgoblin zombie hits the dart slug.
You see here a dark potion.
h - 3 dark potions (gained 1)
The adder misses you.
Your adder zombie bites the adder.
Your hobgoblin zombie hits the dart slug.
The adder attacks as you move away! The adder bites you but does no damage.
The adder bites you.
* * * LOW HITPOINT WARNING * * *
You are lethally poisoned!
The adder poisons you!
* * * LOW HITPOINT WARNING * * *
You feel sick.
Your adder zombie bites the adder.
Aiming: Necrotise (safe; 1% risk of failure)
Press: ? - help, Q - select action, (/) - cycle Shift-Dir - straight line, f/p - adder
Aim: an adder (moderately wounded, ally target, chance to affect: 83%)
The adder writhes in agony.
* * * LOW HITPOINT WARNING * * *
You feel sick. The adder misses you.
Your hobgoblin zombie completely misses the dart slug.
Your adder zombie bites the adder.
It was a potion of degeneration.
There was something very wrong with that liquid.
You feel weakened.
You feel dopey.
You feel clumsy.
* * * LOW HITPOINT WARNING * * *
You feel sick. The adder bites you.
You die...

####'####.#
#.........#
###..)......#
#$'.........#
#.#†....Z...#
#.#.........#
#.'......<..#
###........Z###
+........ZS@+
#.........###
+...........
#.........#.#
#.........#.#
#......#..# #
.#........ ...
...


You could see an adder (ally target), a friendly adder zombie, a friendly rat
zombie and a friendly hobgoblin zombie.

Vanquished Creatures
  An orc wizard (D:2)
  8 adders
  3 dart slugs
  An orc (D:2)
  4 ball pythons
  2 endoplasms
  3 giant cockroaches (D:2)
  3 goblins
  3 hobgoblins
  3 quokkas
  3 bats
  3 frilled lizards (D:2)
  5 kobolds
  4 rats
46 creatures vanquished.

Vanquished Creatures (collateral kills)
  A worm (D:3)
  An orc (D:2)
  2 ball pythons (D:2)
  A giant cockroach (D:1)
  A goblin (D:3)
  A hobgoblin (D:3)
  A rat (D:3)
8 creatures vanquished.

Vanquished Creatures (others)
  A hobgoblin zombie (D:3)
1 creature vanquished.

Grand Total: 55 creatures vanquished

Notes
Turn   | Place    | Note
-------+----------+-------------------------------------------
     0 | D:1      | RascalDebosk the Human Necromancer began the quest for the
                  | Orb.
     0 | D:1      | Reached XP level 1. HP: 13/13 MP: 3/3
   488 | D:1      | Reached XP level 2. HP: 19/19 MP: 3/5
  1215 | D:1      | Reached XP level 3. HP: 24/24 MP: 3/6
  1219 | D:1      | Learned a level 3 spell: Vampiric Draining
  1364 | D:2      | Reached skill level 1 in Armour
  1812 | D:2      | Reached XP level 4. HP: 30/30 MP: 4/7
  2137 | D:2      | Found Efeoseg's Book Emporium.
  2377 | D:2      | Reached XP level 5. HP: 35/35 MP: 5/8
  2971 | D:2      | Learned a level 4 spell: Animate Dead
  3061 | D:3      | HP: 1/35 [poisoned by an adder]
  3061 | D:3      | Slain by an adder

Illustrated notes

Levels and vault maps discovered:
D:1:      grunt_arrival_lava_bath, layout_basic
D:2:      minmay_inner_zag, layout_loops_corners, serial_shops, shop,
          minmay_cupped
D:3:      layout_basic

Skill      XL: |  1  2  3  4  5 |
---------------+----------------+-----
Armour         | 1 2 |  2.0
Stealth        | 3 |  3.1
Dodging        | 3 |  3.0
Spellcasting   | |  2.8
Necromancy     | |  4.5

Action                   |  1- 3 |  4- 6 || total
-------------------------+-------+-------++-------
Melee: Unarmed           |    16 |     1 ||    17
 Cast: Necrotise         |    39 |    46 ||    85
       Animate Dead      |       |     1 ||     1
       Vampiric Draining |       |     1 ||     1
Evoke: Wand              |       |     1 ||     1
  Use: Potion            |       |     1 ||     1
Armor: Leather armour    |     7 |    13 ||    20
Dodge: Dodged            |    23 |    29 ||    52
